 Dungeon Crawl Stone Soup version 0.30-a0-996-ga6910c8ee8 (webtiles) character file.

Game seed: 4681082929335741772

18300 kae the Martial Artist (level 12, -5/97 HPs)
             Began as a Naga Transmuter on Apr 4, 2023.
             Was a High Priest of Cheibriados.
             Slain by a yak (13 damage)
             ... on level 3 of the Lair of Beasts.
             The game lasted 00:14:00 (14430 turns).

kae the Martial Artist (Naga Transmuter)           Turns: 14430, Time: 00:14:00

Health: -5/97      AC:  5    Str: 25    XL:     12   Next: 57%
Magic:  12/21      EV: 12    Int: 29    God:    Cheibriados [*****.]
Gold:   641        SH:  0    Dex: 25    Spells: 6/23 levels left

rFire   . . .      SeeInvis +      - Unarmed
rCold   . . .      Faith    .    (shield currently unavailable)
rNeg    + . .      Spirit   .    a - +0 robe
rPois   +          Reflect  .    (no helmet)
rElec   .          Rampage  .    (no cloak)
rCorr   .                        i - melded +1 pair of gloves
Will    +....                    (no barding)
Stlth   ++                       (no amulet)
HPRegen 0.36/turn                N - ring of positive energy
MPRegen 0.17/turn                (no ring)

@: blade hands, wereblooded, very slow
A: AC +4, large, see invisible, deformed body, poison resistance, slowness 2,
spit poison 1, naga tail 1
a: Spit Poison, End Transformation, Renounce Religion, Bend Time, Temporal
Distortion, Slouch, Step From Time


You were on level 3 of the Lair of Beasts.
You worshipped Cheibriados.
Cheibriados was extremely pleased with you.
You had blades for hands.
You visited 3 branches of the dungeon, and saw 15 of its levels.
You also visited: Sewer.

You collected 665 gold pieces.
You spent 24 gold pieces at shops.


Innate Abilities, Weirdness & Mutations

You have blades for hands.
Your spellcasting is less reliable in this form.
You are incapable of wielding weapons or throwing items.
Your serpentine skin is tough. (AC +4)
You have supernaturally acute eyesight. (SInv)
Armour fits poorly on your strangely shaped body.
Your system is resistant to poisons. (rPois)
You cover ground very slowly.
You can spit poison.
You have a snake-like lower body.


   Skills:
 + Level 3.4 Fighting
 + Level 3.1 Dodging
 + Level 12.7 Unarmed Combat
 - Level 6.0 Spellcasting
 - Level 9.0 Transmutations
 - Level 6.0 Ice Magic
 - Level 3.0 Poison Magic
 - Level 10.1 Invocations


You had 6 spell levels left.
You knew the following spells:

 Your Spells              Type           Power      Damage    Failure   Level
a - Blade Hands           Tmut           28%        N/A       28%         5
b - Wereblood             Tmut           57%        N/A       9%          2
c - Spider Form           Tmut/Pois      43%        N/A       17%         3
d - Ice Form              Ice/Tmut       51%        N/A       24%         4
e - Passwall              Tmut/Erth      28%        N/A       17%         2
f - Beastly Appendage     Tmut           100%       N/A       8%          1

Your spell library contained the following spells:

 Spells                   Type           Power      Damage    Failure   Level
 Ensorcelled Hibernation  Hex/Ice        52%        N/A       24%         2
 Apportation              Tloc           16%        N/A       34%         1
 Foxfire                  Conj/Fire      32%        2x1d5     34%         1
 Magic Dart               Conj           32%        1d4       34%         1
 Necrotise                Necr           32%        1d5       34%         1
 Summon Small Mammal      Summ           32%        N/A       34%         1
 Call Imp                 Summ           8%         N/A       43%         2
 Mephitic Cloud           Conj/Pois/Air  14%        N/A       47%         3
 Alistair's Intoxication  Tmut/Pois      28%        N/A       52%         5
 Summon Guardian Golem    Hex/Summ       8%         N/A       58%         3
 Swiftness                Air            8%         N/A       58%         3
 Tukima's Dance           Hex            8%         N/A       58%         3
 Yara's Violent Unravell  Hex/Tmut       17%        3d8       67%         5
 Animate Armour           Summ/Erth      16%        N/A       87%         4
 Passage of Golubria      Tloc           8%         N/A       87%         4
 Fireball                 Conj/Fire      4%         3d4       98%         5
 Iron Shot                Conj/Erth      4%         9d2       100%        6
 Plasma Beam              Fire/Air       4%         2x1d15    100%        6
 Starburst                Conj/Fire      4%         6d3       100%        6
 Orb of Destruction       Conj           4%         9d5       100%        7
 Spellforged Servitor     Conj/Summ      4%         N/A       100%        7

Inventory:

Missiles
 e - 6 throwing nets {=f!f}
 f - 97 stones
 m - 42 poisoned darts
 z - 6 atropa-tipped darts
 A - 4 boomerangs
Armour
 a - a +0 robe (worn)
 i - a +1 pair of gloves (melded)
   (You found it on level 2 of the Dungeon)
Jewellery
 F - a ring of fire
   (You found it on level 2 of the Dungeon)
 N - a ring of positive energy (left blade hand)
   (You found it on level 2 of the Dungeon)
 P - a ring of poison resistance
   (You found it on level 1 of the Lair of Beasts)
Wands
 n - a wand of flame (22)
   (You found it on level 2 of the Dungeon)
 o - a wand of digging (7)
   (You found it on level 5 of the Dungeon)
 q - a wand of charming (6)
   (You took it off a gnoll on level 5 of the Dungeon)
 B - a wand of polymorph (10)
   (You found it on level 7 of the Dungeon)
 C - a wand of quicksilver (4)
   (You found it on level 7 of the Dungeon)
 I - a wand of roots (9)
   (You found it on level 9 of the Dungeon)
 M - a wand of mindburst (6)
   (You found it on level 1 of the Lair of Beasts)
Scrolls
 c - 2 scrolls of enchant weapon
 g - a scroll of fog
 h - a scroll of vulnerability {!r!r}
 v - 4 scrolls of poison
 x - 2 scrolls of immolation {!r!r}
 y - 2 scrolls of brand weapon
 J - 2 scrolls of noise {!r}
 L - 2 scrolls of identify {@r1}
 O - a scroll of enchant armour
Potions
 b - a potion of lignification {!q}
 d - a potion of haste {forbidden@q3}
 j - 2 potions of invisibility
 k - 2 potions of cancellation
 l - a potion of resistance
 p - 4 potions of mutation {!q}
 r - a potion of haste {@q3}
 s - a potion of magic
 t - 6 potions of heal wounds {@q2}
 u - 3 potions of flight
 w - 3 potions of curing {@q1}
 E - 2 potions of attraction {!q}
 G - a potion of degeneration {!q}

Dungeon Overview and Level Annotations

Branches:
Dungeon (11/15) Zot: 40432  Temple (1/1) D:4 Zot: 8871    Lair (3/5) D:10 Zot: 21907
    Orc (0/2) D:10          Sewer (visited)
  Swamp: Lair:2-3    Shoals: Lair:2-3     Snake: Lair:2-3    Spider: Lair:2-3

Altars:
Ashenzari
Cheibriados
Dithmenos
Elyvilon
Fedhas
Gozag
Hepliaklqana
Kikubaaqudgha
Makhleb
Nemelex Xobeh
Okawaru
Qazlal
Ru
Sif Muna
Uskayaw
Vehumet
Wu Jian
Xom
Zin
The Shining One

Shops:
D:7 *

Annotations:
Lair:1 2 transporters, grindst0ne's ghost, journeyman MiMo

#.........Y....
..
#........F......
..
#...............
..
##...............
..
#P...............
..
#...............
..
#........Y......
.
#......YYYY.....
.
##...#..#@######
. ##....#.####
#P.....##
##P...## ##...##
#....# ##...####
#^...#..####
##..........


You could see 2 death yaks, 3 yaks and a bullfrog.


Message History

A yak is nearby!
Casting: Blade Hands (dangerous; 3% risk of failure)
Confirm with . or Enter, or press ? or * to list all spells.
Your hands turn into razor-sharp scythe blades.
Your +1 pair of gloves melds into your body.
The yak bellows!
You hear a bellow!
A yak comes into view. 😎 MP[-5]
You lost 5 mp, and now have 16/21 mp.
A yak comes into view. x2 😎 MP[+1]
The yak gores you but does no damage.
A yak comes into view.
The yak closely misses you.
Casting: Blade Hands (dangerous; 28% risk of failure)
Confirm with . or Enter, or press ? or * to list all spells.
Your blood is infused with primal strength.
The death yak bellows! x2
The yak gores you. x2
The yak bellows!
You hear a loud, deep croak!
A yak comes into view.
The yak gores you but does no damage. The yak misses you. 😕 HP[-5] MP[-2]
You take 5 damage, and now have 91/96 hp.
You lost 2 mp, and now have 15/21 mp.
You barely miss the yak.
The death yak bellows!
The yak bellows!
You slice the yak!! The yak barely misses you.
The yak gores you! 😕 HP[-12] MP[+1]
You take 12 damage, and now have 79/96 hp.
You shred the yak!!!
You feel a bit better.
You kill the yak!
Cheibriados thoroughly appreciates the change of pace.
The yak gores you.
You shred the yak!!!
You feel a bit better.
You kill the yak!
Cheibriados appreciates the change of pace. 😕 HP[+2]
You regained 2 hp, and now have 81/96 hp.
Unknown command. 😕 HP[+1]
You shred the yak!!!
You feel a bit better.
You kill the yak!
Cheibriados thoroughly appreciates the change of pace. 😕 HP[+1] Unknown command.
You howl as the wereblood boils in your veins!
Activating: Slouch (1% risk of failure)
Press: ? - help, Dir - look around, f - activate You can feel time thicken for a moment.
Cheibriados lowers the support of your attributes as your movement quickens.
The yak gores you! The death yak gores you!
The death yak completely misses you. 😮 HP[-23] MP[-4]
You take 23 damage, and now have 60/96 hp.
MASSIVE DAMAGE!! (PAUSE)
You lost 4 mp, and now have 12/21 mp.
You slash the death yak! The yak gores you! The death yak gores you!
* * * LOW HITPOINT WARNING * * *
The death yak completely misses you. 😨 HP[-14]
You take 14 damage, and now have 46/96 hp.
Unknown command.
You slash the death yak! The yak barely misses you. The death yak gores you!!
* * * LOW HITPOINT WARNING * * *
The death yak gores you.
* * * LOW HITPOINT WARNING * * *
😱 HP[-28]
You take 28 damage, and now have 18/96 hp.
MASSIVE DAMAGE!! (PAUSE)
You hit the death yak but do no damage. The yak gores you but does no damage.
The death yak gores you.
* * * LOW HITPOINT WARNING * * *
The death yak closely misses you. 😱 HP[-3]
You take 3 damage, and now have 15/96 hp.
Unknown command.
You slice the death yak!!
You feel a bit better.
You kill the death yak!
Cheibriados thoroughly appreciates the change of pace.
Your Fighting skill increases to level 3! 😱 HP[+3]
You now have 97 max hp (+1).
You regained 3 hp, and now have 18/97 hp.
You slash the death yak!
Unknown command.
You shred the death yak!!!
You feel a bit better.
You kill the death yak!
Cheibriados appreciates the change of pace.
The yak gores you!
* * * LOW HITPOINT WARNING * * *
The yak barely misses you.
Your Dodging skill increases to level 3! 😱 HP[-10]
You take 10 damage, and now have 8/97 hp.
Unknown command.
You slice the death yak!!
A bullfrog comes into view.
The yak gores you!
You die...

Skill      XL: |  1  2  3  4  5  6  7  8  9 10 11 12 |
---------------+-------------------------------------+-----
Poison Magic   | 1 2 3 |  3.0
Transmutations | 3 4 5 6 8 9 |  9.0
Unarmed Combat | 4 5 6 8 11 12 | 12.7
Spellcasting   | 3 4 5 6 |  6.0
Ice Magic      | 2 4 6 |  6.0
Invocations    | 1 3 4 7 10 | 10.1
Dodging        | 3 |  3.1
Fighting       | 3 |  3.4

Action                     |  1- 3 |  4- 6 |  7- 9 | 10-12 || total
---------------------------+-------+-------+-------+-------++-------
  Melee: Unarmed           |    68 |   166 |   236 |   357 ||   827
         Headbutt          |     6 |     5 |       |       ||    11
         Punch             |     4 |     2 |       |     2 ||     8
   Cast: Beastly Appendage |    19 |    11 |       |       ||    30
         Spider Form       |       |    18 |    21 |       ||    39
         Wereblood         |       |     7 |     9 |    19 ||    35
         Ice Form          |       |       |    20 |    42 ||    62
         Blade Hands       |       |       |       |     4 ||     4
 Invoke: Bend Time         |       |       |       |     4 ||     4
         Slouch            |       |       |       |     1 ||     1
         Temporal Distorti |       |       |       |     1 ||     1
Ability: Spit Poison       |    22 |    12 |       |     1 ||    35
         End Transformatio |       |       |       |     1 ||     1
    Use: Scroll            |     2 |     8 |     8 |    11 ||    29
         Potion            |       |     2 |     2 |       ||     4
   Stab: Sleeping          |       |       |     1 |       ||     1
         Invisible         |       |       |     3 |       ||     3
 Armour: Robe              |    27 |    17 |     3 |     9 ||    56
         Skin              |       |    15 |    80 |   124 ||   219
  Dodge: Dodged            |    37 |   181 |   201 |   175 ||   594

Levels and vault maps discovered:
D:1:      matt_arrival_diagonals, layout_rooms
D:2:      layout_loops_ring, grunt_decor_junction, dk_noncrumbling_2,
          kennysheep_potato
D:3:      layout_rooms, mainiacjoe_overflow_big_doors, portal_sewer_entry_f
D:4:      layout_basic, nicolae_uskayaw_murder_on_the_dancefloor,
          minmay_temple_entry_tees, minmay_fractal_squares_diagonal_5,
          uniq_duvessa
D:5:      layout_basic, nicolae_dithmenos_shadow_blocks
D:6:      layout_rooms, led_xom_imps, nicolae_overflow_quartered_altars,
          zin_treasury, hangedman_glass_teeth
D:7:      layout_rooms, nzn_wu_jian_council_hall,
          nicolae_overflow_hidden_temple, serial_shops, nicolae_lakefront_shop
D:8:      layout_basic, nicolae_tso_besieged_by_evil, amcnicky_altar_gilded,
          serial_bayou_pond_e
D:9:      layout_roguey, minmay_misc_feat_rows
D:10:     layout_roguey, lair_entry_dummy, orc_0_dummy
D:11:     layout_roguey, okawaru_altar_gauntlet_db
Temple:   nicolae_temple_ecumenical_triangle
Lair:1:   layout_regular_city, nzn_ghost_randoct, serial_forest,
          infiniplex_forest_clump_curved, infiniplex_forest_corner_1,
          infiniplex_forest_join, infiniplex_forest_split,
          infiniplex_forest_clump_C, hangedman_lair_unloving_vines,
          grunt_megastairs_2
Lair:2:   layout_hall_layers, grunt_forest_stairs_clearing
Lair:3:   layout_long_grid, nicolae_swamp_entry_splash_gauntlet,
          spider_nest_entry_a, uniq_gastronok

Notes
Turn   | Place    | Note
-------+----------+-------------------------------------------
     0 | D:1      | kae the Naga Transmuter began the quest for the Orb.
     0 | D:1      | Reached XP level 1. HP: 18/18 MP: 3/3
     0 | D:1      | magus.rc [v1.11.3]
   202 | D:1      | Reached XP level 2. HP: 18/25 MP: 3/5
   287 | D:1      | Learned a level 2 spell: Wereblood
   448 | D:1      | Reached XP level 3. HP: 30/31 MP: 4/6
   452 | D:1      | Learned a level 3 spell: Spider Form
   735 | D:2      | Reached skill level 1 in Poison Magic
   827 | D:2      | Reached skill level 3 in Transmutations
  1084 | D:2      | Reached XP level 4. HP: 35/38 MP: 5/7
  1809 | D:3      | Reached skill level 2 in Poison Magic
  1813 | D:3      | Found a glowing drain.
  1827 | D:3      | Reached XP level 5. HP: 42/44 MP: 2/8
  1863 | Sewer    | Entered a sewer
  2142 | Sewer    | Reached skill level 3 in Poison Magic
  2216 | Sewer    | Noticed a kobold brigand
  2216 | Sewer    | Noticed a kobold brigand
  2240 | Sewer    | Killed a kobold brigand
  2241 | Sewer    | Reached skill level 4 in Unarmed Combat
  2241 | Sewer    | Reached skill level 3 in Spellcasting
  2241 | Sewer    | Reached skill level 4 in Transmutations
  2241 | Sewer    | Reached XP level 6. HP: 49/51 MP: 8/10
  3012 | D:3      | Found an ancient bone altar of Kikubaaqudgha.
  3020 | D:3      | Found a sacrificial altar of Ru.
  3150 | D:3      | Reached XP level 7. HP: 57/57 MP: 6/12
  3164 | D:3      | Learned a level 4 spell: Ice Form
  3325 | D:4      | You pick up a book of Minor Magic and begin reading...
  3325 | D:4      | You add the spells Magic Dart, Call Imp and Mephitic Cloud
                  | to your library.
  3346 | D:4      | Found a staircase to the Ecumenical Temple.
  3360 | Temple   | Entered the Ecumenical Temple
  3423 | Temple   | Became a worshipper of Cheibriados the Contemplative
  3453 | D:4      | Reached skill level 5 in Transmutations
  3502 | D:4      | You pick up a book of Cantrips and begin reading...
  3502 | D:4      | You add the spells Necrotise, Summon Small Mammal and
                  | Apportation to your library.
  3612 | D:4      | Noticed Duvessa
  3614 | D:4      | Noticed Dowan
  3633 | D:4      | Killed Duvessa
  3634 | D:4      | Reached skill level 1 in Ice Magic
  3634 | D:4      | Reached skill level 1 in Invocations
  3648 | D:4      | Killed Dowan
  3652 | D:4      | Reached skill level 2 in Ice Magic
  3946 | D:4      | Found a hide-covered altar of Uskayaw.
  3967 | D:4      | Reached * piety under Cheibriados
  3968 | D:4      | Reached XP level 8. HP: 57/61 MP: 8/13
  4264 | D:4      | Identified the -1 pair of gloves "Yhavan" {rN+ Int+3 SInv}
  4302 | D:4      | You add the spells Tukima's Dance, Passage of Golubria and
                  | Yara's Violent Unravelling to your library.
  4453 | D:5      | Entered Level 5 of the Dungeon
  4531 | D:5      | Reached skill level 4 in Spellcasting
  4531 | D:5      | Reached skill level 2 in Invocations
  4589 | D:5      | Noticed a two-headed ogre
  4777 | D:5      | Reached skill level 5 in Unarmed Combat
  4815 | D:5      | Reached skill level 3 in Ice Magic
  4943 | D:5      | Reached skill level 6 in Transmutations
  4986 | D:5      | Found a shadowy altar of Dithmenos.
  5219 | D:5      | Identified the +5 sling of Igushisa {freeze, rPois rC+
                  | Int-3}
  5310 | D:5      | Killed a two-headed ogre
  5311 | D:5      | Reached skill level 4 in Ice Magic
  5311 | D:5      | Reached skill level 3 in Invocations
  5311 | D:5      | Reached XP level 9. HP: 70/70 MP: 10/16
  5339 | D:5      | Reached ** piety under Cheibriados
  5509 | D:5      | Reached skill level 7 in Transmutations
  5938 | D:5      | Reached skill level 5 in Ice Magic
  6225 | D:5      | HP: 21/84 [gnoll/+0 halberd[a gnoll bouda] (1)]
  6227 | D:5      | HP: 6/84 [gnoll/+0 halberd[a gnoll bouda] (8)]
  6447 | D:6      | Reached skill level 5 in Spellcasting
  6571 | D:6      | Found a broken altar of Ashenzari.
  6582 | D:6      | Found a sparkling altar of Nemelex Xobeh.
  6583 | D:6      | Found a stormy altar of Qazlal.
  6595 | D:6      | Found an iron altar of Okawaru.
  6716 | D:6      | Reached skill level 4 in Invocations
  6853 | D:6      | Found a shimmering altar of Xom.
  6909 | D:6      | Reached skill level 6 in Unarmed Combat
  6958 | D:6      | Found a glowing silver altar of Zin.
  7045 | D:7      | Reached *** piety under Cheibriados
  7108 | D:7      | Reached skill level 8 in Transmutations
  7108 | D:7      | Reached skill level 6 in Ice Magic
  7326 | D:7      | Reached XP level 10. HP: 78/78 MP: 14/18
  7442 | D:7      | Found Huvvouv's Assorted Antiques.
  7451 | D:7      | Bought a scroll labelled WAFEK BOXOLE for 24 gold pieces
  7578 | D:7      | Found an ornate altar of the Wu Jian Council.
  7972 | D:8      | Found a shimmering blue altar of Sif Muna.
  8093 | D:8      | Reached skill level 5 in Invocations
  8756 | D:8      | Found a glowing golden altar of the Shining One.
  8762 | D:8      | Reached **** piety under Cheibriados
  9077 | D:9      | You pick up a book of Dangerous Friends and begin
                  | reading...
  9077 | D:9      | You add the spells Summon Guardian Golem, Orb of
                  | Destruction and Spellforged Servitor to your library.
  9355 | D:9      | Noticed a kobold demonologist
  9367 | D:9      | Noticed a soul eater
  9368 | D:9      | Noticed a smoke demon
  9369 | D:9      | Killed a kobold demonologist
  9370 | D:9      | Reached skill level 9 in Transmutations
  9375 | D:9      | Reached skill level 6 in Spellcasting
  9377 | D:9      | Noticed a kobold demonologist
  9382 | D:9      | Noticed a rust devil
  9386 | D:9      | Killed a kobold demonologist
  9387 | D:9      | Reached skill level 7 in Unarmed Combat
  9413 | D:9      | Reached skill level 6 in Invocations
  9502 | D:9      | You pick up a book of Party Tricks and begin reading...
  9512 | D:9      | Identified the +0 helmet "Puritat" {Harm *Corrode Regen+
                  | Dex-2}
  9565 | D:9      | Noticed a two-headed ogre
  9576 | D:9      | Killed a two-headed ogre
  9833 | D:9      | Reached skill level 8 in Unarmed Combat
  9833 | D:9      | Reached skill level 7 in Invocations
  9922 | D:9      | You pick up a book of Burglary and begin reading...
  9922 | D:9      | You add the spells Passwall, Ensorcelled Hibernation and
                  | Swiftness to your library.
 10137 | D:10     | Entered Level 10 of the Dungeon
 10209 | D:10     | Found a staircase to the Lair.
 10354 | D:10     | You pick up a book of Fire and begin reading...
 10354 | D:10     | You add the spells Foxfire, Fireball, Plasma Beam and
                  | Starburst to your library.
 10380 | D:10     | Learned a level 2 spell: Passwall
 10402 | D:10     | Reached XP level 11. HP: 81/84 MP: 15/20
 10469 | D:10     | Found a staircase to the Orcish Mines.
 10501 | D:10     | Reached skill level 8 in Invocations
 10759 | D:10     | Reached skill level 9 in Unarmed Combat
 11170 | D:10     | Reached ***** piety under Cheibriados
 11230 | D:10     | Reached skill level 9 in Invocations
 11365 | Lair:1   | Entered Level 1 of the Lair of Beasts
 11592 | Lair:1   | Found a transporter.
 11598 | Lair:1   | Reached skill level 10 in Unarmed Combat
 11763 | Lair:1   | Reached skill level 10 in Invocations
 12048 | Lair:1   | Found a transporter.
 12075 | Lair:1   | Reached skill level 11 in Unarmed Combat
 12087 | Lair:1   | Reached XP level 12. HP: 37/91 MP: 18/21
 12258 | Lair:1   | Noticed grindst0ne's ghost (journeyman MiMo)
 12266 | Lair:1   | Noticed a boulder beetle
 13167 | Lair:2   | Reached skill level 12 in Unarmed Combat
 13507 | Lair:2   | You pick up a book of Iron and begin reading...
 13507 | Lair:2   | You add the spells Animate Armour, Blade Hands and Iron
                  | Shot to your library.
 13514 | Lair:2   | Learned a level 5 spell: Blade Hands
 13610 | Lair:2   | HP: 19/92 [water moccasin (8)]
 13615 | Lair:2   | HP: 15/92 [poisoned by a cane toad]
 13621 | Lair:2   | HP: 13/92 [poisoned by a cane toad]
 13847 | Lair:2   | Identified the +7 rapier of the Crafting Gods {freeze, rF-
                  | rN++}
 14161 | Lair:3   | Noticed a death yak
 14163 | Lair:3   | Reached skill level 2 in Dodging
 14163 | Lair:3   | Noticed a death yak
 14163 | Lair:3   | Noticed a death yak
 14163 | Lair:3   | Noticed a death yak
 14163 | Lair:3   | Noticed a death yak
 14163 | Lair:3   | Noticed a death yak
 14167 | Lair:3   | Killed a death yak
 14168 | Lair:3   | Reached skill level 2 in Fighting
 14171 | Lair:3   | Killed a death yak
 14172 | Lair:3   | HP: 24/96 [death yak (16)]
 14425 | Lair:3   | HP: 21/96 [death yak (25)]
 14427 | Lair:3   | Killed a death yak
 14428 | Lair:3   | Reached skill level 3 in Fighting
 14429 | Lair:3   | Killed a death yak
 14429 | Lair:3   | HP: 8/97 [yak (13)]
 14430 | Lair:3   | Reached skill level 3 in Dodging
 14430 | Lair:3   | Slain by a yak

Vanquished Creatures
  4 death yaks (Lair:3)
  2 two-headed ogres
  A black mamba (Lair:1)
  2 cane toads
  A rime drake (Lair:2)
  2 komodo dragons
  2 kobold demonologists (D:9)
  A polar bear (Lair:2)
  A troll (D:10)
  8 blink frogs (Lair:1)
  A spriggan (Lair:2)
  A basilisk (Lair:2)
  31 yaks
  2 wraiths (D:10)
  4 wyverns
  2 steam dragons
  An acid dragon (D:10)
  Duvessa (D:4)
  4 water moccasins
  A sky beast (D:7)
  An orc warrior (D:9)
  An ice beast (D:8)
  2 black bears
  3 wolves (Lair:2)
  3 ogres
  5 centaurs
  A phantom (D:4)
  10 bullfrogs
  4 kobold brigands
  2 scorpions
  3 wights (D:9)
  Dowan (D:4)
  10 killer bees
  A howler monkey (D:4)
  4 crimson imps (D:6)
  2 hounds (D:5)
  A jelly (D:7)
  A gnoll bouda (D:6)
  2 orc priests
  2 sleepcaps
  5 iguanas
  11 orc wizards
  14 gnolls (D:5)
  4 river rats (Sewer)
  9 adders
  A shadow imp (D:8)
  A white imp (D:7)
  3 ufetubi
  6 worms
  5 dart slugs
  23 orcs
  3 endoplasms
  4 giant cockroaches
  6 goblins
  8 hobgoblins
  5 jackals
  14 kobolds
  6 quokkas
  7 ball pythons
  5 bats
  4 frilled lizards
  A goblin skeleton (D:8)
  2 hobgoblin zombies (D:8)
  A kobold zombie (D:8)
  3 orc skeletons (D:8)
  An orc zombie (D:8)
  27 rats
310 creatures vanquished.

Vanquished Creatures (others)
  4 fungi (Lair:2)
  38 plants
42 creatures vanquished.

Grand Total: 352 creatures vanquished

Table legend:
 A = Non-vault XP
 B = Vault XP
 C = Vault XP percentage of total XP
 D = Non-vault monster count
 E = Vault monster count
 F = Vault count percentage of total count
                 A         B        C        D         E       F
            +---------+---------+-------+---------+---------+-------
      Total |   24280 |    1864 |   7.1 |     235 |      75 |  24.2
            +---------+---------+-------+---------+---------+-------
        D:1 |      47 |       0 |   0.0 |      25 |       0 |   0.0
        D:2 |      63 |       5 |   7.4 |      20 |       1 |   4.8
        D:3 |      98 |      10 |   9.3 |      12 |       5 |  29.4
        D:4 |     342 |     265 |  43.7 |       9 |       7 |  43.8
        D:5 |    1858 |       0 |   0.0 |      40 |       0 |   0.0
        D:6 |     522 |     196 |  27.3 |      11 |       4 |  26.7
        D:7 |     847 |       0 |   0.0 |      12 |       0 |   0.0
        D:8 |    1035 |      20 |   1.9 |      10 |       9 |  47.4
        D:9 |    2848 |       0 |   0.0 |      22 |       0 |   0.0
       D:10 |    4044 |       0 |   0.0 |      28 |       0 |   0.0
     Lair:1 |    7016 |      93 |   1.3 |      32 |       1 |   3.0
     Lair:2 |    1552 |     871 |  35.9 |       6 |       5 |  45.5
     Lair:3 |    4008 |       0 |   0.0 |       8 |       0 |   0.0
      Sewer |       0 |     404 | 100.0 |       0 |      43 | 100.0
            +---------+---------+-------+---------+---------+-------

Illustrated notes

Table legend:
 A = Kills in this place as a percentage of kills in the entire game.
 B = Kills by you in this place as a percentage of kills by you in the entire game.
 C = Kills by friends in this place as a percentage of kills by friends in the entire game.
 D = Other kills in this place as a percentage of other kills in the entire game.
 E = Experience gained in this place as a percentage of experience gained in the entire game.
 F = Experience gained in this place divided by the number of levels of this place that you have seen.
                   A       B       C       D       E      F
               +-------+-------+-------+-------+-------+----------------------
         Total | 100.0 | 100.0 |   N/A |   N/A | 100.0 | 1634.0
       Dungeon |  69.4 |  69.4 |   N/A |   N/A |  46.7 | 1109.1
          Lair |  16.8 |  16.8 |   N/A |   N/A |  51.8 | 4513.3
         Sewer |  13.9 |  13.9 |   N/A |   N/A |   1.5 | 404.0
               +-------+-------+-------+-------+-------+----------------------

Table legend: (Time is in decaauts)
 A = Elapsed time spent in this place.
 B = Non-inter-level travel time spent in this place.
 C = Inter-level travel time spent in this place.
 D = Time resting spent in this place.
 E = Time spent auto-exploring this place.
 F = Levels seen in this place.
 G = Mean time per level.
                   A        B        C        D        E       F      G
               +--------+--------+--------+--------+--------+-----+--------+
         Total |  21816 |  21202 |    614 |    174 |  18473 |  16 | 1363.5 |
       Dungeon |  15579 |  15045 |    534 |    159 |  13135 |  11 | 1416.3 |
        Temple |     88 |     71 |     17 |      0 |     65 |   1 |   88.0 |
          Lair |   5082 |   5020 |     62 |     10 |   4528 |   3 | 1694.0 |
         Sewer |   1066 |   1066 |      0 |      5 |    743 |   1 | 1066.0 |
               +--------+--------+--------+--------+--------+-----+--------+

Top non-repeatable levels by time:
     D:5: 2826 daAuts
  Lair:1: 2680 daAuts
     D:8: 2411 daAuts
  Lair:2: 1950 daAuts
    D:10: 1917 daAuts
     D:4: 1670 daAuts
     D:9: 1633 daAuts
     D:2: 1276 daAuts
     D:7: 1154 daAuts
   Sewer: 1066 daAuts
     D:6: 931 daAuts
     D:1: 889 daAuts
     D:3: 851 daAuts
  Lair:3: 451 daAuts
  Temple: 88 daAuts
